 Dungeon Crawl Stone Soup version 0.18-a0-1171-ga8e22e7 (webtiles) character file.

320 Kidiri the Magician (level 6, 0/33 HPs)
             Began as a Deep Elf Air Elementalist on Jan 26, 2016.
             Was an Initiate of Vehumet.
             Slain by Menkaure (11 damage)
             ... on level 4 of the Dungeon.
             The game lasted 00:14:35 (4798 turns).

Kidiri the Magician (Deep Elf Air Elementalist)     Turns: 4798, Time: 00:14:35

Health: 0/33       AC:  4    Str:  5    XL:     6   Next: 22%
Magic:  8/14       EV: 14    Int: 22    God:    Vehumet [......]
Gold:   234        SH:  0    Dex: 15    Spells: 5 memorised, 0 levels left

rFire  . . .     SeeInvis .     p - staff of air
rCold  . . .     Gourm    .     g - +0 robe {Archmagi}
rNeg   . . .     Faith    .     (no shield)
rPois  .         Spirit   .     n - +2 hat
rElec  +         Dismiss  .     (no cloak)
rCorr  .         Reflect  .     (no gloves)
SustAt +         Harm     .     (no boots)
MR     .....                    (no amulet)
Stlth  ++........               (no ring)
                                q - ring of sustain attributes

@: not resistant to hostile enchantments, unstealthy
A: no striking features
a: Renounce Religion


You were on level 4 of the Dungeon.
You worshipped Vehumet.
Vehumet was noncommittal.
You were not hungry.

You visited 1 branch of the dungeon, and saw 4 of its levels.

You collected 234 gold pieces.

Inventory:

Hand Weapons
 l - a +1 short sword of electrocution
Armour
 g - a +0 robe of the Archmagi (worn)
 n - a +2 hat (worn)
Magical Staves
 p - an uncursed staff of air (weapon)
Jewellery
 q - a ring of sustain attributes (left hand)
Wands
 a - a wand of confusion (19/48)
 j - a wand of draining (6/15)
Scrolls
 d - 2 scrolls of remove curse
 e - 4 scrolls of identify
 f - a scroll of recharging {unknown}
 i - a scroll of immolation
 t - 2 scrolls of teleportation {unknown}
Potions
 h - a potion of agility
 k - 2 potions of might
 m - a potion of cure mutation
 o - a potion of haste
Books
 b - a book of Air

   Spells                             Type                      Level
   a - Shock                          Conjuration/Air              1
   b - Swiftness                      Charms/Air                   2
   c - Repel Missiles                 Charms/Air                   2
   d - Static Discharge               Conjuration/Air              3
   e - Lightning Bolt                 Conjuration/Air              5
 r - a book of Cantrips

   Spells                             Type                      Level
   a - Corona                         Hexes                        1
   b - Animate Skeleton               Necromancy                   1
   c - Summon Small Mammal            Summoning                    1
   d - Apportation                    Translocation                1
Comestibles
 c - 3 bread rations
 u - a slice of pizza
 v - a chunk of flesh


   Skills:
 + Level 0.7 Fighting
 + Level 1.1 Staves
 + Level 0.8 Armour
 * Level 3.9 Dodging
 + Level 3.4 Stealth
 * Level 4.1 Spellcasting
 + Level 2.6 Conjurations
 + Level 2.0 Charms
 * Level 4.1 Air Magic
 + Level 1.2 Evocations


You couldn't memorise any spells.
You knew the following spells:

 Your Spells              Type           Power        Failure   Level  Hunger
a - Shock                 Conj/Air       ####         3%          1    None
b - Repel Missiles        Chrm/Air       #####.       6%          2    #......
c - Swiftness             Chrm/Air       #####...     6%          2    #......
d - Static Discharge      Conj/Air       #####...     12%         3    ##.....
e - Lightning Bolt        Conj/Air       #####.....   85%         5    ######.


Dungeon Overview and Level Annotations

Branches:
Dungeon (4/15)
 Temple: D:4-7

Altars:
Qazlal
Vehumet

Annotations:
D:4 Eustachio; Menkaure; Uberwunderbarhen's ghost, weakling OpTm


Message History

It was a potion of cancellation.
Your magical effects are unravelling.
Your magical contamination has completely faded away.
You feel magically purged.
Unknown command.
Casting: Shock
Confirm with . or Enter, or press ? or * to list all spells.
Aiming: Shock
Press: ? - help, Shift-Dir - straight line, f/p - Menkaure
Aim: Menkaure (moderately damaged, fast)
You feel a strong surge of power!
The zap hits Menkaure.
Menkaure is heavily damaged.
Casting: Shock
Confirm with . or Enter, or press ? or * to list all spells.
You feel a strong surge of power!
Menkaure is struck by lightning.
Menkaure is severely damaged.
The lightning arcs!
You are struck by lightning.
You resist. Menkaure misses you. Menkaure hits you!
You die...

#...##.##.# #....# #.#....####.
.....(.##.# #....# #.#....##.#.
#...#..##.# #....# #.#....##.#.
#...#..##.####....# #.#.........
....#........)....####.#....##.##
#####..##...................##.#
........#...................##.##
........#........................
#####...#.......@......#....##.##
..........#+####M##.........##.#
........#.#.####.##.#.......##.##
........ .#......................
........ #...........####..##.##
........ #......#..### ##.##.#
#####.#.#.#......#..# #.##.#
.................#..# #....#
#.###...#...........#######.##.##


You could see Menkaure.

Vanquished Creatures
  An ogre (D:4)
  A jelly (D:3)
  An orc wizard (D:4)
  An iguana (D:4)
  2 worker ants (D:4)
  An ooze (D:3)
  2 worms
  3 giant geckos
  9 orcs
  A ball python (D:4)
  5 bats
  2 giant cockroaches
  4 goblins
  11 hobgoblins
  5 jackals (D:3)
  9 kobolds
  3 quokkas
  A giant gecko skeleton (D:4)
  9 giant newts
  A quokka zombie (D:3)
  7 rats
79 creatures vanquished.

Notes
Turn   | Place    | Note
--------------------------------------------------------------
     0 | D:1      | Kidiri the Deep Elf Air Elementalist began the quest for the Orb.
     0 | D:1      | Reached XP level 1. HP: 10/10 MP: 6/6
   146 | D:1      | Reached XP level 2. HP: 15/15 MP: 2/8
   150 | D:1      | Learned a level 2 spell: Repel Missiles
   153 | D:1      | Learned a level 2 spell: Swiftness
   586 | D:1      | Reached skill level 1 in Charms
  1369 | D:2      | Reached XP level 3. HP: 19/19 MP: 6/9
  1379 | D:2      | Learned a level 3 spell: Static Discharge
  1430 | D:2      | Found a stormy altar of Qazlal.
  2520 | D:3      | Reached XP level 4. HP: 24/24 MP: 8/10
  2829 | D:3      | Found a radiant altar of Vehumet.
  2838 | D:3      | Became a worshipper of Vehumet
  2973 | D:3      | Noticed a sky beast
  3071 | D:4      | Noticed an ogre
  3104 | D:4      | Killed an ogre
  3104 | D:4      | Reached skill level 4 in Spellcasting
  3104 | D:4      | Reached XP level 5. HP: 18/28 MP: 1/13
  3845 | D:4      | Reached skill level 1 in Staves
  3850 | D:4      | Reached skill level 1 in Evocations
  3850 | D:4      | Reached XP level 6. HP: 10/33 MP: 6/14
  4272 | D:4      | Learned a level 5 spell: Lightning Bolt
  4447 | D:4      | Noticed Menkaure
  4447 | D:4      | Noticed Eustachio
  4475 | D:4      | Noticed Uberwunderbarhen's ghost (weakling OpTm)
  4798 | D:4      | Slain by Menkaure

Vault maps used:
D:1:      dpeg_arrival_radiant
D:2:      lemuel_doored_altar, grunt_decor_fettered
D:3:      lemuel_round_altar
D:4:      first_bread, uniq_menkaure, uniq_eustachio

Action                   |  1- 3 |  4- 6 || total
-------------------------+-------+-------++-------
Melee: Short sword       |     3 |       ||     3
       Staff             |       |     7 ||     7
 Cast: Shock             |    86 |    79 ||   165
       Swiftness         |       |     1 ||     1
       Repel Missiles    |       |     1 ||     1
       Static Discharge  |       |     1 ||     1
  Use: Scroll            |     9 |       ||     9
       Potion            |     6 |     3 ||     9
 Stab: Sleeping          |     2 |       ||     2
  Eat: Meat ration       |     1 |       ||     1
       Beef jerky        |       |     1 ||     1
       Bread ration      |       |     1 ||     1
       Chunk             |       |     1 ||     1
